Map: 2000 Atmospheres LE

Players

Zephyr - Winner!

  • Race: Zerg Zerg
  • League: Diamond

jangens

  • Race: Terran Terran
  • League: Diamond

VOD

Have the link to the VOD?

Description

Time

  • Played on: May 12, 2021, 1:12 a.m.
  • Length: 18:33
Show
View Real Time Build Order
Export as new Build Order

Zephyr Zerg - Winner!

Build Orders: Hatch First, Muta Ling Bane 

Get SALT Encoding   

  12  0:00  Drone  
  13  0:12  Overlord  
  13  0:17  Drone  
  14  0:31  Drone x2  
  14  0:34  Drone  
  17  0:52  Hatchery  
  17  0:55  Drone  
  17  0:57  Extractor  
  17  0:59  Drone  
  17  1:15  Spawning Pool  
  17  1:17  Drone  
  17  1:21  Drone  
  18  1:30  Drone  
  19  1:39  Overlord  
  20  1:54  Drone  
  20  2:02  Queen  
  20  2:04  Queen  
  20  2:05  Drone x2  
  26  2:11  Drone  
  26  2:13  Metabolic Boost  
  27  2:21  Drone  
  28  2:29  Drone x2  
  30  2:36  Spore Crawler  
  28  2:38  Zergling x4  
  28  2:41  Spore Crawler  
  31  2:47  Queen x2  
  31  2:50  Drone  
  36  2:54  Overlord  
  36  2:57  Overlord  
  36  3:15  Drone x3  
  36  3:16  Drone  
  36  3:17  Drone x4  
  36  3:18  Drone x2  
  46  3:32  Hatchery  
  45  3:46  Drone x2  
  45  3:47  Drone x3  
  50  3:51  Extractor  
  50  3:52  Extractor  
  50  3:53  Extractor  
  47  3:59  Evolution Chamber  
  47  4:00  Drone x4  
  47  4:01  Evolution Chamber  
  47  4:02  Drone x3  
  52  4:18  Overlord x3  
  52  4:33  Lair  
  52  4:39  Zerg Melee Weapons Level 1  
  52  4:41  Drone x2  
  52  4:45  Queen  
  56  4:46  Drone x5  
  56  4:47  Drone x3  
  64  4:58  Zerg Ground Armor Level 1  
  64  5:00  Drone, Baneling Nest  
  64  5:01  Drone x5  
  69  5:08  Zergling x2  
  69  5:09  Zergling x8  
  69  5:13  Spore Crawler  
  73  5:16  Spore Crawler  
  73  5:18  Spine Crawler  
  71  5:21  Spore Crawler  
  71  5:22  Spine Crawler  
  71  5:24  Zergling x2  
  71  5:25  Zergling x2  
  71  5:37  Spire  
  65  5:43  Zergling x2  
  65  5:44  Zergling x16  
  61  5:59  Zergling x12  
  65  6:15  Baneling x2  
  65  6:16  Baneling x3  
  65  6:18  Centrifical Hooks  
  65  6:20  Drone  
  65  6:21  Drone x5  
  66  6:43  Zerg Melee Weapons Level 2  
  66  6:47  Drone  
  66  6:48  Drone x6  
  66  6:49  Overlord  
  66  6:50  Overlord x6, Extractor  
  66  6:51  Extractor  
  71  6:56  Zerg Ground Armor Level 2  
  71  7:12  Mutalisk x4  
  71  7:13  Mutalisk x2  
  83  7:23  Zergling x2  
  83  7:24  Zergling x16  
  83  7:26  Baneling  
  83  7:27  Baneling x5  
  92  7:42  Spore Crawler  
  91  7:46  Spore Crawler  
  91  7:47  Drone x2, Spine Crawler  
  91  7:50  Zergling x2  
  91  7:51  Zergling x16  
  98  7:56  Baneling x3  
  98  7:57  Baneling x3  
  74  8:28  Zergling x2  
  74  8:29  Zergling x30  
  86  8:40  Zerg Flyer Weapons Level 1  
  86  8:42  Drone x4, Infestation Pit  
  89  8:50  Baneling  
  89  8:51  Baneling x16  
  89  8:52  Baneling x2  
  89  8:53  Zergling x2  
  90  8:57  Hatchery  
  78  9:21  Zergling x14  
  78  9:22  Zergling x14  
  85  9:29  Hive  
  85  9:30  Pathogen Glands  
  84  9:46  Mutalisk  
  84  9:47  Mutalisk x8  
  92  10:09  Infestor x4  
  92  10:13  Queen  
  102  10:14  Drone  
  102  10:15  Drone x8  
  111  10:38  Drone  
  111  10:39  Drone x15  
  127  10:50  Overlord  
  127  10:51  Overlord x5  
  127  10:57  Extractor  
  127  10:58  Extractor  
  125  11:14  Spore Crawler, Hatchery  
  125  11:16  Spore Crawler, Spine Crawler  
  121  11:20  Zergling x2  
  121  11:21  Zergling x16  
  121  11:23  Baneling x6  
  121  11:24  Baneling x3  
  129  11:38  Zergling x22  
  129  11:39  Zergling x14  
  134  12:07  Extractor  
  134  12:08  Extractor  
  113  12:09  Zergling x2  
  113  12:10  Zergling x30  
  113  12:11  Zergling x2  
  123  12:26  Zergling x10  
  114  12:39  Queen  
  112  13:13  Zerg Melee Weapons Level 3, Adrenal Glands, Zerg Ground Armor Level 3  
  112  13:16  Greater Spire  
  108  13:22  Hatchery  
  107  13:34  Hatchery  
  107  13:39  Zergling x2  
  107  13:40  Zergling x40  
  127  13:42  Baneling x12  
  127  13:43  Baneling x8  
  127  13:45  Ultralisk Cavern  
  126  13:52  Spore Crawler  
  126  13:54  Spore Crawler, Spine Crawler  
  123  14:13  Zergling x2  
  123  14:14  Zergling x18  
  123  14:15  Zergling x2  
  123  14:16  Zergling x4  
  136  14:17  Infestor x2  
  136  14:18  Infestor x4  
  148  14:32  Chitinous Plating  
  102  14:53  Zergling x2  
  102  14:54  Zergling x44  
  102  14:58  Queen  
  127  15:00  Drone  
  127  15:01  Drone x5  
  133  15:07  Baneling x4  
  133  15:16  Drone  
  133  15:19  Baneling x8  
  133  15:20  Baneling x6  
  134  15:23  Drone x2  
  136  15:32  Extractor  
  111  15:51  Anabolic Synthesis  
  111  15:53  Zergling x8  
  111  15:54  Zergling x48  
  132  16:23  Extractor  
  132  16:24  Drone x5, Extractor  
  135  16:26  Drone x2  
  135  16:27  Ultralisk x2  
  135  16:28  Ultralisk  
  155  16:41  Queen  
  155  16:46  Drone x2  
  159  16:52  Ultralisk x3  
  176  17:15  Baneling  
  176  17:16  Baneling x10  
  176  17:18  Baneling  
  174  17:29  Ultralisk  
  176  17:30  Overlord  
  176  17:31  Overlord x11  
  176  17:34  Overseer x2  
  147  17:56  Zergling x26  
  147  17:57  Zergling x18  
Show
View Real Time Build Order
Export as new Build Order

jangens Terran 

Build Orders: Reaper Expand 

Get SALT Encoding   

  12  0:01  SCV  
  13  0:13  SCV  
  14  0:18  Supply Depot  
  14  0:25  SCV  
  15  0:40  SCV  
  15  0:41  Barracks  
  16  0:45  Refinery  
  16  0:52  SCV  
  17  1:04  SCV  
  18  1:27  Orbital Command  
  18  1:29  Reaper  
  19  1:41  Command Center  
  19  1:51  Supply Depot  
  19  1:53  SCV  
  20  2:04  Barracks Reactor  
  20  2:10  Barracks, SCV  
  21  2:22  Factory  
  21  2:25  SCV  
  22  2:31  Refinery  
  22  2:37  SCV  
  23  2:44  Marine x2  
  23  2:49  SCV  
  26  2:54  Orbital Command  
  26  3:00  Barracks Tech Lab  
  26  3:02  Marine x2  
  26  3:03  SCV  
  29  3:13  Starport  
  29  3:14  Factory Reactor  
  29  3:20  Marine  
  29  3:22  Marine  
  29  3:24  Marine  
  32  3:33  SCV  
  32  3:34  SCV  
  33  3:45  SCV, Marine x2  
  33  3:46  SCV, Marine  
  38  3:50  Stimpack  
  38  4:00  SCV x2  
  40  4:03  Marine x2  
  40  4:04  Marine  
  40  4:09  Medivac  
  45  4:14  Factory Tech Lab  
  45  4:17  SCV  
  46  4:28  Medivac, SCV  
  46  4:30  Marine x3  
  52  4:31  Supply Depot  
  52  4:33  SCV, Supply Depot  
  53  4:40  SCV  
  54  4:53  Siege Tank, SCV x2  
  54  4:55  Supply Depot  
  54  4:58  Supply Depot  
  59  5:06  SCV  
  59  5:07  SCV, Marine x3  
  64  5:16  Command Center  
  64  5:18  Barracks  
  64  5:22  Barracks  
  64  5:26  SCV x2, Marine  
  64  5:27  Marine  
  68  5:29  Marine  
  68  5:54  Marine  
  68  5:55  Siege Tank, Medivac, Marine x2  
  68  5:56  Medivac  
  72  6:13  Engineering Bay, Refinery  
  72  6:14  Engineering Bay, Refinery, Marine x3  
  72  6:15  Barracks Reactor  
  72  6:17  Barracks Reactor  
  75  6:23  SCV  
  75  6:24  SCV  
  77  6:27  Siege Tank  
  78  6:41  SCV  
  78  6:42  SCV, Marine x3  
  78  6:44  Orbital Command  
  77  6:54  SCV x2  
  79  6:58  Marine x4  
  79  7:00  Marauder, Combat Shield  
  85  7:04  Terran Infantry Weapons Level 1  
  85  7:06  SCV x2  
  85  7:08  Terran Infantry Armor Level 1  
  87  7:09  Marine  
  87  7:10  Marine  
  87  7:12  SCV  
  90  7:17  Marine x4  
  90  7:18  SCV  
  90  7:22  Marauder  
  97  7:27  Medivac  
  99  7:31  Marine x2  
  101  7:40  Orbital Command  
  101  8:02  Supply Depot x2  
  101  8:03  Supply Depot  
  101  8:04  Marauder, SCV x2, Marine x4  
  109  8:19  Marine  
  105  8:24  Marine x5  
  105  8:25  Marine  
  83  8:36  Missile Turret  
  83  8:37  Missile Turret x2, SCV x3, Marine  
  83  8:38  Missile Turret x2  
  83  8:39  Missile Turret  
  87  8:42  Missile Turret, Marine  
  87  8:43  Marine  
  87  8:44  Marine x3  
  87  8:45  Marauder  
  94  8:49  Barracks, SCV x3  
  94  8:53  Barracks  
  97  9:01  SCV x2  
  99  9:07  Marine x5  
  99  9:08  Marauder  
  99  9:09  Marine  
  107  9:10  Siege Tank, Medivac  
  83  9:25  Marine  
  82  9:35  SCV x2, Marine  
  82  9:36  Marine x4  
  82  9:37  Barracks Tech Lab  
  87  9:40  Barracks Reactor  
  87  9:42  Barracks  
  87  9:43  SCV  
  87  9:44  Barracks  
  88  9:47  SCV x2  
  88  9:48  Armory  
  89  9:55  SCV  
  89  9:58  Marine  
  89  9:59  SCV, Marine x6  
  97  10:07  SCV  
  97  10:10  SCV  
  97  10:11  SCV  
  97  10:13  Refinery  
  99  10:14  Refinery  
  99  10:17  Marine x4  
  99  10:18  Marine  
  99  10:19  Command Center  
  99  10:20  Marauder  
  106  10:23  Marauder, SCV x2, Marine  
  111  10:30  SCV  
  111  10:34  Barracks Tech Lab  
  111  10:35  SCV x2  
  113  10:40  Barracks Reactor  
  113  10:50  Marine x8  
  113  10:51  Marauder x2  
  113  10:53  Liberator x2  
  131  11:02  Terran Infantry Armor Level 2, Terran Infantry Weapons Level 2  
  131  11:03  Terran Vehicle Weapons Level 1  
  131  11:06  Missile Turret  
  131  11:11  Missile Turret  
  131  11:12  Marine x2  
  133  11:30  Marine x4  
  133  11:31  Siege Tank, Marauder x2, Marine x3  
  147  11:35  Marine  
  148  11:58  Marine x3  
  148  11:59  Marine  
  148  12:01  Marine x3  
  148  12:02  Marauder  
  148  12:06  Marauder, Marine  
  141  12:16  Marine x4  
  141  12:19  Marine  
  141  12:20  Marine  
  141  12:22  Marine  
  148  12:24  Marauder, Marine  
  148  12:28  Siege Tank, Marauder  
  145  12:30  Medivac x2  
  145  12:33  Marine  
  145  12:34  Marine x2  
  127  12:40  Marine  
  127  12:41  Marine x3  
  127  12:42  Marine  
  130  12:45  Marauder  
  130  12:47  SCV x2  
  130  12:49  Command Center, Marine  
  120  12:59  Marine x7  
  120  13:00  Marine  
  117  13:06  Marine x2  
  117  13:08  Medivac x2  
  117  13:09  Siege Tank  
  121  13:17  Marine x4  
  121  13:20  Terran Infantry Weapons Level 3, Terran Infantry Armor Level 3  
  121  13:24  Marauder, Marine x4  
  121  13:25  Marauder  
  129  13:34  Barracks  
  129  13:35  Barracks, SCV x3, Marine x4  
  129  13:36  Marine x2  
  129  13:37  Marauder  
  129  13:40  Planetary Fortress  
  140  13:42  Marine x3  
  140  13:46  Marauder  
  145  13:49  Liberator  
  148  14:00  Liberator, SCV x3  
  148  14:02  Refinery x2  
  154  14:19  Marine  
  154  14:20  Marauder, Marine x6  
  163  14:43  Marine x4  
  163  14:44  Marauder, Marine x4  
  163  14:45  Marauder, Marine x2  
  128  14:55  Marine  
  128  14:58  Barracks Reactor x2  
  120  15:01  Marine x4  
  120  15:02  Siege Tank, Medivac x2, Marine x6  
  120  15:05  Marine  
  120  15:06  Marine  
  139  15:12  Command Center  
  139  15:20  Marauder, Marine  
  142  15:21  Marine x3  
  142  15:22  Marine x6  
  142  15:23  Marauder  
  142  15:24  Marauder, Terran Vehicle Weapons Level 2  
  155  15:38  Marine  
  115  15:55  Marine x16  
  129  16:00  Siege Tank, Medivac x2  
  130  16:13  Marine  
  130  16:14  Marauder x2, Marine x14  
  130  16:16  Planetary Fortress  
  130  16:18  SCV x4  
  151  16:26  Missile Turret  
  151  16:29  Missile Turret  
  151  16:31  Liberator x2, Marine  
  151  16:32  Missile Turret  
  158  16:39  Marine x9  
  167  16:53  Missile Turret  
  167  16:55  Missile Turret  
  167  16:56  Sensor Tower  
  162  17:12  Siege Tank, Marine  
  162  17:13  Marauder, Marine  
  162  17:14  Marauder x2, Marine x5  
  178  17:24  Marine  
  178  17:26  Marine  
  178  17:47  Marine  
  178  17:48  Marine x2  
  178  17:49  Liberator, Marine x8  
  178  17:50  Liberator, Marine x3  
  154  17:52  Marine x3  
  134  18:05  Marine  
  123  18:06  Marine x5  
  123  18:07  Marauder, Marine x2  
  123  18:11  Marauder  
  134  18:14  Marine x7  
Tags
 
Add a new tag
Caveats
  • Supply blocks, unpowered buildings, or Contaminate may cause inaccurate times.
  • Supply counts are checked every 10 seconds.